 Dungeon Crawl Stone Soup version 0.26.1-2-gb8aa6d0cf2 (webtiles) character file.

Game seed: 5973626858908158936

128 BOMJPIETVODKU the Shield-Bearer (level 4, 0/35 HPs)
             Began as a Demonspawn Fighter on Feb 10, 2021.
             Slain by an orc wizard
             ... wielding a +0 dagger
              (1 damage)
             ... on level 3 of the Dungeon.
             The game lasted 00:05:09 (2821 turns).

BOMJPIETVODKU the Shield-Bearer (DsFi)              Turns: 2821, Time: 00:05:10

Health: 0/35       AC:  9    Str: 18    XL:     4   Next: 87%
Magic:  0/4        EV:  5    Int: 11    God:
Gold:   105        SH:  9    Dex: 12    Spells: 3/3 levels left

rFire    . . .     SeeInvis .   a - +0 long sword
rCold    . . .     Faith    .   c - +0 kite shield
rNeg     . . .     Spirit   +   i - +0 chain mail
rPois    .         Reflect  .   (no helmet)
rElec    .         Harm     .   (no cloak)
rCorr    .         Rampage  .   (no gloves)
Will     .....                  (no boots)
Stlth    ..........             n - amulet of guardian spirit
HPRegen  0.11/turn              (no ring)
MPRegen  0.09/turn              (no ring)

@: no status effects
A: powered by death 1, big brain 1
a: no special abilities


You were on level 3 of the Dungeon.
You visited 1 branch of the dungeon, and saw 4 of its levels.

You collected 105 gold pieces.

Inventory:

Hand Weapons
 a - a +0 long sword (weapon)
Armour
 b - a +0 scale mail
 c - a +0 kite shield (worn)
 i - a +0 chain mail (worn)
Jewellery
 g - an uncursed amulet of faith
 n - an amulet of guardian spirit (around neck)
Scrolls
 f - 2 scrolls of amnesia
 j - 5 scrolls of identify {unknown}
 l - a scroll of noise {unknown}
 m - a scroll of enchant armour {unknown}
 q - a scroll of blinking {unknown}
 r - a scroll of remove curse
 v - a scroll of enchant weapon {unknown}
Potions
 d - 2 potions of might
 e - a potion of curing {unknown}
 h - a potion of lignification {unknown}
 k - a potion of haste {unknown}
 o - 2 potions of degeneration {unknown}
 p - a potion of ambrosia {unknown}
 s - a potion of invisibility {unknown}
 t - a potion of brilliance {unknown}
 u - a potion of flight {unknown}


   Skills:
 + Level 3.4 Fighting
 + Level 3.1 Long Blades
 + Level 3.3 Armour
 + Level 0.3 Dodging
 + Level 3.4 Shields


You had 3 spell levels left.
You didn't know any spells.
Your spell library contained the following spells:

 Spells                   Type           Power        Failure   Level
 Magic Dart               Conj           0%           100%        1
 Blink                    Tloc           N/A          100%        2
 Call Imp                 Summ           0%           100%        2
 Slow                     Hex            0%           100%        2
 Conjure Flame            Conj/Fire      0%           100%        3
 Mephitic Cloud           Conj/Pois/Air  0%           100%        3


Dungeon Overview and Level Annotations

Branches:
Dungeon (4/15)
 Temple: D:4-7

Altars:
Elyvilon


Innate Abilities, Weirdness & Mutations

You regenerate a little health from kills.
You have an unusually large brain. (Int +2)


Message History

Something hits you but does no damage.
You bump into the rock wall.
Something hits you but does no damage.
You barely miss something. Something hits you but does no damage.
You bump into the rock wall.
You feel less confused.
You feel a little less mighty now. Something hits you but does no damage.
You miss something. Something completely misses you.
You closely miss something.
Something hits you but does no damage. x2
You closely miss something. Something hits you.
You miss something. Something hits you.
* * * LOW HITPOINT WARNING * * *
You miss something.
You hear some strange, mumbled words.
A magic dart appears from out of thin air!
The magic dart hits you.
* * * LOW HITPOINT WARNING * * *
You hear some strange, mumbled words.
Something tries to affect you, but you resist.
You barely miss something. Something hits you.
You die...

###.###..))..............
#..#.#.###.#####.......
#.#.##.# #.# .#####.
#.####.# #.# .. #.# #.#
#.# .## ###.# #.#
#.#####.# ....####.#
#....)>†#
######...######{########
#.#.......)@.......
#...######.######## ##...
...# #.### ##### .. ###


There were no monsters in sight!

Vanquished Creatures
  An orc wizard (D:3)
  5 adders
  2 oozes (D:3)
  A worm (D:2)
  2 dart slugs
  4 orcs (D:3)
  A giant cockroach (D:3)
  3 goblins
  4 hobgoblins
  A quokka (D:2)
  5 bats
  3 frilled lizards (D:2)
  5 kobolds
  3 rats
40 creatures vanquished.

Notes
Turn   | Place    | Note
-------+----------+-------------------------------------------
     0 | D:1      | BOMJPIETVODKU the Demonspawn Fighter began the quest for
                  | the Orb.
     0 | D:1      | Reached XP level 1. HP: 18/18 MP: 1/1
   926 | D:2      | Gained mutation: You regenerate a little health from kills.
                  | [demonic ancestry]
   926 | D:2      | Reached XP level 2. HP: 24/24 MP: 2/2
  1303 | D:2      | Gained mutation: You have an unusually large brain. (Int
                  | +2) [demonic ancestry]
  1303 | D:2      | Reached XP level 3. HP: 26/29 MP: 3/3
  2246 | D:3      | Found a white marble altar of Elyvilon.
  2300 | D:3      | Found a white marble altar of Elyvilon.
  2525 | D:3      | Reached XP level 4. HP: 35/35 MP: 4/4
  2792 | D:3      | HP: 1/35 [something (1)]
  2820 | D:3      | HP: 1/35 [something/magic dart (3)]
  2821 | D:3      | Slain by an orc wizard

Illustrated notes

Levels and vault maps discovered:
D:1:      lightli_arrival_statuegarden, layout_basic
D:2:      layout_loops_corners, minmay_misc_feat_alley
D:3:      layout_loops_ring, elyvilon_altar_1, kennysheep_flooded_box
D:4:      layout_basic, hex_large, minmay_manual_mail, uniq_robin

Skill      XL: |  1  2  3  4 |
---------------+-------------+-----
Long Blades    | 2 3 |  3.1
Armour         | 3 |  3.3
Shields        | 3 |  3.4
Fighting       | |  3.4
Dodging        | |  0.3

Action                   |  1- 3 |  4- 6 || total
-------------------------+-------+-------++-------
Melee: Long sword        |   124 |    67 ||   191
  Use: Scroll            |     2 |       ||     2
       Potion            |       |     1 ||     1
Armor: Chain mail        |    70 |    71 ||   141
       Scale mail        |     8 |       ||     8
Dodge: Dodged            |    20 |    12 ||    32
Block: Kite shield       |    74 |    24 ||    98
       Rpst.: Long sword |     8 |     1 ||     9
